 Dungeon Crawl Stone Soup version 0.25.1-2-g60ff931df9 (webtiles) character file.

Game seed: 16454359228275217585

38364 lllmatko the Bludgeoner (level 13, -1/119 HPs)
             Began as a Minotaur Berserker on Oct 28, 2020.
             Was a High Priest of Trog.
             Slain by a basilisk (illusionary) (8 damage)
             ... on level 15 of the Dungeon.
             The game lasted 00:19:04 (16293 turns).

lllmatko the Bludgeoner (Minotaur Berserker)       Turns: 16293, Time: 00:19:05

Health: -1/119     AC: 18    Str: 26    XL:     13   Next: 63%
Magic:  12/12      EV:  5    Int:  4    God:    Trog [*****.]
Gold:   1299       SH:  0    Dex: 11    Spells: 12/12 levels left

rFire    . . .     SeeInvis .   K - +4 morningstar (flame)
rCold    . . .     Gourm    .   F - +0 tower shield (curse)
rNeg     . . .     Faith    .   R - +0 plate armour
rPois    .         Spirit   .   (helmet restricted)
rElec    .         Reflect  .   T - +0 cloak
rCorr    .         Harm     .   G - +0 pair of gloves
MR       .....                  (no boots)
Stlth    ..........             (no amulet)
HPRegen  0.29/turn              (no ring)
MPRegen  0.13/turn              (no ring)

@: confused, petrifying (expiring), very slow
A: retaliatory headbutt, horns 2
a: Berserk, Trog's Hand, Brothers in Arms, Renounce Religion


You were on level 15 of the Dungeon.
You worshipped Trog.
Trog was extremely pleased with you.
You were not hungry.

You visited 1 branch of the dungeon, and saw 15 of its levels.

You collected 1299 gold pieces.

Inventory:

Hand Weapons
 B - the +4 war axe of the Wizarding Madman {vorpal, rC+}
   (You found it on level 5 of the Dungeon)

   It inflicts extra damage upon your enemies.
   It protects you from cold.
 E - a +1 flail of draining
 K - a +4 morningstar of flaming (weapon)
Missiles
 e - 34 boomerangs (quivered)
 p - 200 bolts
 M - 56 poisoned darts
Armour
 F - a cursed +0 tower shield (worn)
 G - a +0 pair of gloves (worn)
 R - a +0 plate armour (worn)
 T - a +0 cloak (worn)
Jewellery
 d - an uncursed amulet of reflection {unknown}
 m - an uncursed amulet of guardian spirit {unknown}
 y - an uncursed ring of flight {unknown}
 D - a cursed amulet of inaccuracy {unknown}
 J - an uncursed ring of protection from cold {unknown}
Wands
 v - a wand of digging (10)
 z - a wand of clouds (8)
 I - a wand of enslavement (18)
 O - a wand of flame (21)
 Q - a wand of polymorph (10)
 Y - a wand of paralysis (3)
Scrolls
 b - 7 scrolls of amnesia {unknown}
 f - 7 scrolls of magic mapping {unknown}
 g - 18 scrolls of identify {unknown}
 k - 7 scrolls of remove curse {unknown}
 r - 4 scrolls of teleportation {unknown}
 w - 4 scrolls of blinking {unknown}
 x - 3 scrolls of random uselessness {unknown}
 A - 3 scrolls of enchant weapon {unknown}
 C - a scroll of brand weapon {unknown}
 H - 2 scrolls of enchant armour {unknown}
 N - 3 scrolls of noise {unknown}
 P - 2 scrolls of fog {unknown}
 S - a scroll of torment {unknown}
 U - a scroll of holy word {unknown}
 W - a scroll of fear {unknown}
Potions
 a - 2 potions of lignification {unknown}
 h - 3 potions of stabbing {unknown}
 i - 5 potions of degeneration {unknown}
 j - 9 potions of curing {unknown}
 l - a potion of magic {unknown}
 n - 2 potions of brilliance {unknown}
 o - 2 potions of mutation {unknown}
 q - a potion of berserk rage {unknown}
 t - 6 potions of heal wounds {unknown}
 u - 3 potions of flight {unknown}
 L - a potion of ambrosia {unknown}
 V - a potion of cancellation {unknown}
 X - a potion of haste {unknown}
Comestibles
 c - 23 rations
 s - 6 chunks of flesh


   Skills:
 + Level 12.6 Fighting
 * Level 15.6 Maces & Flails
 + Level 12.3 Armour
 + Level 11.4 Dodging
 + Level 10.1 Shields


You had 12 spell levels left.
You didn't know any spells.
Your spell library was empty.

Dungeon Overview and Level Annotations

Branches:
Dungeon (15/15)            Temple (0/1) D:6            Lair (0/6) D:9
    Orc (0/2) D:12         Vaults (0/5) D:14
 Depths: D:15

Altars:
Cheibriados
Dithmenos
Fedhas
Gozag
Makhleb
Nemelex Xobeh
Qazlal
Ru
Uskayaw
The Shining One

Shops:
D:7 :   D:10 !   D:13 [


Innate Abilities, Weirdness & Mutations

You reflexively headbutt those who attack you in melee.
You have a pair of horns on your head.


Message History

Unknown command.
The basilisk gazes at you.
You are slowing down.
The basilisk barely misses you.
Unknown command.
Unknown command.
Unknown command.
Unknown command.
You bludgeon the basilisk!! You burn the basilisk.
You kill the basilisk!
The basilisk's corpse shimmers and vanishes!
Something unseen opens the door.
The basilisk gazes at you.
You easily resist.
Your limbs are stiffening.
Unknown command.
You're too confused to move!
The basilisk gazes at you.
You easily resist.
The ogre hits you but does no damage. The basilisk bites you!
You die...

....# ....#.....#+###
..≈≈.#........##
..≈≈≈.#........#+#+#
#.≈≈≈..................
#......................
#.....#............#.
#......#.l@..........
#...)...Oll......#..
#####...............
##.'...........#...
##..#...............
#...##+#.......#....
#..<...##...........
##<...######'###'###
##..## #.......#


You could see 3 basilisks and an ogre shaped shifter (summoned).

Vanquished Creatures
  A fire dragon (D:11)
  9 vault guards
  A hydra (D:11)
  2 tengu warriors (D:11)
  3 centaur warriors
  A two-headed ogre (D:8)
  A skeletal warrior (D:11)
  2 unseen horrors
  A wolf spider zombie (D:14)
  2 deep elf magi
  A cyclops (D:11)
  2 manticores
  Joseph (D:8)
  3 centaur zombies
  3 gargoyles
  3 centaur skeletons
  Psyche (D:12)
  A freezing wraith (D:11)
  A yaktaur (D:11)
  2 trolls
  A hornet (D:7)
  15 slime creatures
  7 hippogriffs
  21 yaks
  A shadow (D:13)
  2 wyverns (D:13)
  Sigmund (D:2)
  A vampire (D:13)
  2 wraiths
  A golden eye (shapeshifter) (D:15)
  Eustachio (D:4)
  2 hungry ghosts (D:11)
  3 vampire mosquitoes (D:13)
  A human (D:8)
  2 soldier ants
  A floating eye (D:15)
  2 porcupines (D:9)
  2 water moccasins (D:7)
  9 orc warriors
  4 ice beasts
  3 sky beasts
  A black bear (D:11)
  6 ogres
  2 phantoms (D:4)
  16 centaurs
  5 crocodiles
  2 big kobolds
  A gnoll sergeant (D:7)
  9 bullfrogs
  A wyvern zombie (D:12)
  A wyvern skeleton (D:11)
  4 scorpions
  10 wights
  10 crimson imps
  3 quasits
  A bullfrog zombie (D:11)
  8 hounds
  15 orc wizards
  4 jellies
  3 bullfrog skeletons
  7 orc priests
  Jessica (D:3)
  8 iguanas
  6 worker ants
  A killer bee zombie (D:6)
  4 hound skeletons
  Robin (D:3)
  4 worker ant zombies
  14 gnolls
  13 adders
  7 shadow imps
  3 oozes
  2 adder skeletons
  2 adder zombies
  4 worms (D:2)
  3 dart slugs
  A leopard gecko (D:3)
  44 orcs
  2 ball pythons (D:4)
  8 bats
  9 giant cockroaches
  10 goblins
  3 hobgoblins
  9 jackals
  6 quokkas
  3 frilled lizards (D:2)
  16 kobolds
  A leopard gecko skeleton (D:8)
  2 leopard gecko zombies
  7 rats
426 creatures vanquished.

Vanquished Creatures (others)
  4 plants (D:9)
4 creatures vanquished.

Grand Total: 430 creatures vanquished

Notes
Turn   | Place    | Note
-------+----------+-------------------------------------------
     0 | D:1      | lllmatko the Minotaur Berserker began the quest for the
                  | Orb.
     0 | D:1      | Reached XP level 1. HP: 19/19 MP: 0/0
   227 | D:1      | Reached XP level 2. HP: 5/27 MP: 1/1
   541 | D:1      | Reached skill level 4 in Maces & Flails
   880 | D:1      | Reached ** piety under Trog
   993 | D:1      | Reached XP level 3. HP: 33/33 MP: 2/2
  1473 | D:2      | You fall into a shaft and drop 1 floor!
  1474 | D:3      | Noticed Robin
  1499 | D:3      | Killed Robin
  1776 | D:3      | Reached XP level 4. HP: 40/40 MP: 3/3
  1798 | D:3      | Noticed Jessica
  1804 | D:3      | Killed Jessica
  2022 | D:2      | Reached *** piety under Trog
  2160 | D:2      | Noticed Sigmund
  2166 | D:2      | Killed Sigmund
  2166 | D:2      | Reached skill level 5 in Fighting
  2166 | D:2      | Reached skill level 5 in Maces & Flails
  2166 | D:2      | Reached XP level 5. HP: 48/48 MP: 4/4
  2166 | D:2      | Reached XP level 6. HP: 56/56 MP: 5/5
  2642 | D:3      | Found a stormy altar of Qazlal.
  2691 | D:3      | Found a snail-covered altar of Cheibriados.
  3276 | D:4      | Reached XP level 7. HP: 62/62 MP: 6/6
  3288 | D:4      | Reached skill level 5 in Armour
  3513 | D:4      | Noticed Eustachio
  3536 | D:4      | Killed Eustachio
  3536 | D:4      | Reached skill level 6 in Maces & Flails
  3642 | D:4      | Reached skill level 5 in Dodging
  3787 | D:5      | Entered Level 5 of the Dungeon
  3787 | D:5      | Found a sparkling altar of Nemelex Xobeh.
  3849 | D:5      | Found a burning altar of Makhleb.
  4115 | D:5      | Reached XP level 8. HP: 61/71 MP: 7/7
  4192 | D:5      | Got a twisted war axe
  4193 | D:5      | Identified the +4 war axe of the Wizarding Madman {vorpal,
                  | rC+} (You found it on level 5 of the Dungeon)
  4266 | D:5      | Reached **** piety under Trog
  4283 | D:5      | Reached skill level 7 in Maces & Flails
  4441 | D:5      | Found a hide-covered altar of Uskayaw.
  4742 | D:6      | Found a staircase to the Ecumenical Temple.
  5432 | D:6      | Reached skill level 8 in Maces & Flails
  5432 | D:6      | Reached XP level 9. HP: 81/81 MP: 8/8
  5756 | D:6      | Reached ***** piety under Trog
  5958 | D:7      | Reached skill level 1 in Shields
  5984 | D:7      | Found a burning altar of Makhleb.
  6243 | D:7      | Found a shadowy altar of Dithmenos.
  6243 | D:7      | Found a glowing golden altar of the Shining One.
  6245 | D:7      | Found a blossoming altar of Fedhas.
  6523 | D:7      | Reached skill level 9 in Maces & Flails
  6679 | D:7      | Found Mytwehekit's Book Boutique.
  6970 | D:8      | Received a gift from Trog
  7039 | D:8      | Noticed a two-headed ogre
  7046 | D:8      | Killed a two-headed ogre
  7046 | D:8      | Reached XP level 10. HP: 46/91 MP: 9/9
  7322 | D:8      | Noticed Joseph
  7344 | D:8      | Killed Joseph
  7344 | D:8      | Reached skill level 10 in Maces & Flails
  7447 | D:8      | Found an opulent altar of Gozag.
  8358 | D:9      | Found a staircase to the Lair.
  8370 | D:9      | Reached skill level 5 in Shields
  8375 | D:9      | Reached skill level 11 in Maces & Flails
  8924 | D:10     | Entered Level 10 of the Dungeon
  8986 | D:10     | Received a gift from Trog
  9426 | D:10     | Reached skill level 10 in Fighting
  9426 | D:10     | Reached XP level 11. HP: 81/99 MP: 10/10
  9510 | D:10     | You fall into a shaft and drop 1 floor!
  9898 | D:11     | Found a sacrificial altar of Ru.
 10139 | D:11     | Noticed a tengu warrior
 10157 | D:11     | Killed a tengu warrior
 10378 | D:11     | Noticed a skeletal warrior
 10380 | D:11     | Reached skill level 12 in Maces & Flails
 10397 | D:11     | Killed a skeletal warrior
 10402 | D:11     | Reached skill level 10 in Armour
 10860 | D:11     | Noticed a tengu warrior
 10875 | D:11     | Killed a tengu warrior
 11061 | D:11     | Noticed a seven-headed hydra
 11068 | D:11     | Killed a seven-headed hydra
 11068 | D:11     | Reached skill level 13 in Maces & Flails
 11183 | D:11     | Noticed a fire dragon
 11193 | D:11     | Killed a fire dragon
 11193 | D:11     | Reached XP level 12. HP: 96/110 MP: 11/11
 11472 | D:11     | Received a gift from Trog
 11517 | D:10     | Found Adgheu's Distillery.
 12027 | D:11     | Reached skill level 10 in Dodging
 12471 | D:12     | Noticed Psyche
 12477 | D:12     | Killed Psyche
 12673 | D:12     | Found a staircase to the Orcish Mines.
 13664 | D:13     | Found Kegailiko's Armour Emporium.
 13886 | D:13     | Reached skill level 14 in Maces & Flails
 14505 | D:13     | Received a gift from Trog
 14511 | D:13     | Noticed a centaur warrior
 14516 | D:13     | Killed a centaur warrior
 14777 | D:14     | Noticed a centaur warrior
 14842 | D:14     | Killed a centaur warrior
 14848 | D:14     | Reached XP level 13. HP: 117/117 MP: 12/12
 14878 | D:14     | Found a gate to the Vaults.
 15205 | D:14     | Reached skill level 15 in Maces & Flails
 15928 | D:14     | Reached skill level 10 in Shields
 16056 | D:15     | Entered Level 15 of the Dungeon
 16154 | D:15     | Paralysed by a floating eye for 3 turns
 16293 | D:15     | Slain by a basilisk (illusionary)

Illustrated notes

Levels and vault maps discovered:
D:1:      elethiomel_arrival_quiet, layout_basic, grunt_decor_arrowhead
D:2:      layout_rooms, uniq_sigmund
D:3:      layout_basic, marbit_many_paths, nicolae_qazlal_general_emergency,
          uniq_jessica, uniq_robin
D:4:      layout_loops_ring, first_ration, uniq_eustachio
D:5:      layout_cave_pools, nemelex_xobeh_ov_fountains_minmay,
          hangedman_feature_mirror, minmay_starry_boxes
D:6:      layout_basic, minmay_temple_entry_trees
D:7:      layout_cave_pools, overflow_temple_1_default,
          chequers_temple_overflow_statue_of_worship, serial_shops,
          shop_fountains
D:8:      layout_basic, kennysheep_mini, nicolae_two_hexagons, grunt_pizzeria,
          uniq_joseph
D:9:      layout_rooms, minmay_lair_entry_grove, kennysheep_windowed_goal
D:10:     layout_loops_ring, serial_shops, nicolae_shop_statue_plus
D:11:     minmay_the_grid_4x2 [minmay_the_grid_minigrid_small_alt,
          minmay_the_grid_aliased_spiral, minmay_the_grid_tree,
          minmay_the_grid_dragon_b, minmay_the_grid_paths,
          minmay_the_grid_tiny_cups, minmay_the_grid_pillar_ring,
          minmay_the_grid_prize_four_corners], layout_stronghold,
          nicolae_ru_sacrificial_ziggurat
D:12:     layout_rooms, orc_0_dummy, nrook_campfire, uniq_psyche
D:13:     layout_loops_ring, serial_shops, nicolae_shop_crystal
D:14:     layout_gridville, erik_vaults_2
D:15:     hangedman_spin_cycle, serial_shops

Skill      XL: |  1  2  3  4  5  6  7  8  9 10 11 12 13 |
---------------+----------------------------------------+-----
Maces & Flails | 4 5 6 8 9 11 13 14 15 | 15.6
Fighting       | 4 5 6 7 9 10 11 12 | 12.6
Armour         | 3 4 6 7 8 9 10 11 12 | 12.3
Dodging        | 3 4 5 6 7 8 9 10 11 | 11.4
Shields        | 3 5 7 9 10 | 10.1

Action                   |  1- 3 |  4- 6 |  7- 9 | 10-12 | 13-15 || total
-------------------------+-------+-------+-------+-------+-------++-------
Melee: Mace              |    75 |       |       |       |       ||    75
       Headbutt          |     5 |    13 |    46 |   132 |    36 ||   232
       Flail             |     2 |   102 |    64 |       |       ||   168
       War axe           |       |       |   176 |       |       ||   176
       Morningstar       |       |       |     5 |   641 |   155 ||   801
Throw: Boomerang         |       |       |       |     6 |       ||     6
Invok: Berserk           |     3 |     3 |     5 |    14 |     3 ||    28
  Eat: Chunk             |     5 |     8 |    13 |    32 |     9 ||    67
       Ration            |       |       |     1 |     2 |       ||     3
Armor: Animal skin       |    12 |     1 |       |       |       ||    13
       Chain mail        |       |    40 |   118 |   101 |       ||   259
       Plate armour      |       |       |       |   105 |    60 ||   165
Dodge: Dodged            |    73 |    63 |   115 |   112 |    38 ||   401
Block: Tower shield      |       |       |    88 |   494 |    85 ||   667
